Cogmind - Beta 13 @@@ ROGUE MODE // 2024.04.12 @ 18:25:50 Player: szymekc Result: Destroyed by Y-54 Guardian with Flak Gun Performance ------------- Evolutions (0) 0 Regions Visited (3) 600 Robots Destroyed (34) 170 Value Destroyed (1015) 1015 Prototype IDs (2) 40 Alien Tech Used (0) 0 Bonus (0) 0 TOTAL SCORE: 1825 Bonus ------- None Cogmind --------- Core Integrity 0/250 Matter 235/300 Energy 264/265 System Corruption 10% Temperature Cool (6) Movement Rolling (115) Ox1 Location -7/Recycling Parts ------- > --- POWER (1) -------- Improved Ion Engine > --- PROPULSION (2) --- Light Treads Compact Wheel > --- UTILITY (2) ------ Scrap Engine > --- WEAPON (2) ------- Subdweller Beam Cannon Subdweller Machine Gun > --- INVENTORY (5) ---- Makeshift Leg High-capacity Matter Pod (200) Signal Interpreter Riot Gun Battle Cannon Peak State ------------ > --- POWER ------------ Improved Ion Engine > --- PROPULSION ------- Light Treads Compact Wheel > --- UTILITY ---------- Scrap Engine > --- WEAPON ----------- Subdweller Beam Cannon Subdweller Machine Gun > --- INVENTORY -------- Makeshift Leg High-capacity Matter Pod Signal Interpreter Riot Gun Battle Cannon [Rating: 25] Favorites ----------- Power Improved Ion Engine Engine Improved Ion Engine Propulsion Light Treads Treads Light Treads Leg Aluminum Leg Wheel Wheel Utility Large Storage Unit Device Improved Heat Sink Storage Large Storage Unit Protection Light Armor Plating Weapon Improved Light Cannon Energy Gun Small Laser Energy Cannon Subdweller Beam Cannon Ballistic Gun Assault Rifle Ballistic Cannon Improved Light Cannon Launcher EMP Blaster Build | -11 -10 -10 -7 ------- Run | Yrd Mat Sub Rec Slots Evolved . | . . . . Power . | . . . . Propulsion . | . . . . Utility . | . . . . Weapon . | . . . . Parts Attached 24 | 2 8 13 1 Power 3 | . 1 2 . Engine 3 | . 1 2 . Core . | . . . . Reactor . | . . . . Propulsion 5 | 2 . 3 . Treads 3 | 2 . 1 . Leg . | . . . . Wheel 2 | . . 2 . Hover . | . . . . Flight . | . . . . Utility 5 | . 3 1 1 Device 3 | . 1 1 1 Storage 1 | . 1 . . Processor . | . . . . Hackware . | . . . . Protection 1 | . 1 . . Artifact . | . . . . Weapon 11 | . 4 7 . Energy Gun 1 | . 1 . . Energy Cannon 2 | . . 2 . Ballistic Gun 2 | . 1 1 . Ballistic Cannon 4 | . 2 2 . Launcher 2 | . . 2 . Special Weapon . | . . . . Impact Weapon . | . . . . Slashing Weapon . | . . . . Piercing Weapon . | . . . . Special Melee Weapon . | . . . . Unidentified Prototypes . | . . . . Corrupted Parts 2 | . . 2 . System Corruption 8 | . . 8 . Parts Lost 9 | . . 9 . Power 2 | . . 2 . Propulsion 3 | . . 3 . Utility 1 | . . 1 . Weapon 3 | . . 3 . Highest Loss Streak 4 | . . 4 . To Critical Strikes . | . . . . Average Slot Usage (%) 96 | . 96 95 85 Engine 14 | . 14 14 14 Treads 22 | . 28 15 14 Wheel 5 | . . 11 14 Device 6 | . 1 12 14 Storage 13 | . 14 14 . Protection 5 | . 9 . . Energy Gun 2 | . 5 . . Ballistic Gun 5 | . 9 . 14 Ballistic Cannon 13 | . 13 13 . Launcher 5 | . . 12 . Naked Turns . | . . . . Heaviest Build 40 | 13 38 40 40 Greatest Support 40 | 40 40 40 16 Greatest Overweight (x) 3 | . . 3 2 Average Overweight (x) 1 | . . 2 1 Largest Inventory Capacity 15 | 8 15 15 15 Average Capacity 14 | 8 14 15 9 Most Carried 15 | 6 15 15 13 Average Carried 13 | 6 12 13 8 Final Capacity 15 | 8 15 15 5 Final Carried 15 | 6 15 13 5 Scrap Engine Consumption 1 | . . . 1 Class Distribution -------------------- 100% | Mutant Dominant Class ---------------- Mutant | -10/Materials Mutant | -10/Subcaves Mutant | -7/Recycling Resources | -11 -10 -10 -7 ----------- Run | Yrd Mat Sub Rec Matter Collected 1039 | 195 434 410 . Remotely . | . . . . Salvage Created 1164 | . 579 585 . Parts 64 | . 30 34 . Haulers Intercepted . | . . . . Recyclers Shooed . | . . . . Parts Field Recycled . | . . . . Retrieved Matter . | . . . . Parts Self-Destructed 10 | . . 10 . Prevented . | . . . . Kills | -11 -10 -10 -7 ------- Run | Yrd Mat Sub Rec Combat Hostiles Destroyed 30 | . 16 14 . Guns 12 | . 12 . . Cannons 8 | . 4 4 . AOE 7 | . . 7 . Classes Destroyed 6 | . 4 2 . Worker 1 | . 1 . . Operator 1 | . 1 . . Turret 2 | . . 2 . Swarmer 7 | . 3 4 . Grunt 13 | . 13 . . Subdweller 10 | . . 10 . Best Kill Streak 6 | . 3 6 . Combat Bots Only 4 | . 3 4 . Max Kills in Single Turn 1 | . 1 1 . Gunslinging . | . . . . Exploded 1 | . . 1 . Melee . | . . . . Uniques/NPCs Destroyed . | . . . . Combat | -11 -10 -10 -7 -------- Run | Yrd Mat Sub Rec Hostile Shots Fired 159 | . 60 90 9 Missed 51 | . 13 36 2 Damage Taken 1670 | . 520 1134 16 Core 253 | . 34 213 6 Absorbed by Shields . | . . . . Core Remaining (%) 100 | 100 . . . Volleys Fired 105 | . 54 51 . Largest 2 | . 2 2 . Hottest 119 | . 78 119 . Shots Fired 172 | . 103 69 . Gun 82 | . 82 . . Cannon 54 | . 21 33 . Launcher 36 | . . 36 . Special . | . . . . Kinetic 104 | . 80 24 . Thermal 32 | . 23 9 . Explosive . | . . . . Electromagnetic 36 | . . 36 . Robot Hit Streak 19 | . 19 8 . Robot Miss Streak 3 | . 2 3 . Penetration Max . | . . . . Secondary Targets . | . . . . Shots Hit Robots 94 | . 66 28 . Core Hits 54 | . 33 21 . Critical Kills . | . . . . Critical Parts Destroyed . | . . . . Critical Strikes . | . . . . Melee Attacks . | . . . . Impact . | . . . . Slashing . | . . . . Piercing . | . . . . Sneak Attacks . | . . . . Combat Hostiles . | . . . . Follow-up Attacks . | . . . . Damage Inflicted 2200 | . 888 1312 . Guns 630 | . 630 . . Cannons 638 | . 255 383 . Explosions 929 | . . 929 . Melee . | . . . . Ramming 3 | . 3 . . Kinetic 923 | . 657 266 . Thermal 373 | . 228 145 . Explosive . | . . . . Electromagnetic 901 | . . 901 . Impact . | . . . . Slashing . | . . . . Piercing . | . . . . Highest Corruption 10 | . . 10 10 Average Corruption 1 | . . 1 10 Corruption Purged . | . . . . Corruption Blocked . | . . . . Effects 7 | . . 7 . Matter Fused 3 | . . 3 . Energy Discharges 3 | . . 3 . Data Loss (minor) 1 | . . 1 . Overload Shots . | . . . . Overflow Damage 33 | . . 33 . Projectiles 17 | . . 17 . Explosions 16 | . . 16 . Melee . | . . . . Knockbacks 4 | . 3 1 . Impact . | . . . . Kinetic 4 | . 3 1 . Secondary . | . . . . Self-Inflicted Damage 361 | . . 361 . Shots 21 | . . 21 . Rammed 1 | . 1 . . Targets Rammed 1 | . 1 . . Kicked . | . . . . Crushed . | . . . . Highest Temperature 144 | . 144 4 . Average Temperature 28 | . 28 4 . Received Heat Transfer 450 | . 219 225 6 Siege Activations . | . . . . Robots Corrupted 3 | . . 3 . Combat Hostiles 3 | . . 3 . Parts Fried 8 | . . 8 . Impact Corruptions . | . . . . Robots Melted . | . . . . Combat Hostiles . | . . . . Parts Melted . | . . . . Heat Transferred 748 | . 500 248 . Parts Sabotaged . | . . . . Parts Stolen . | . . . . Parts Stripped . | . . . . Power Chain Reactions 4 | . . 4 . Alert | -11 -10 -10 -7 ------- Run | Yrd Mat Sub Rec Peak Influence 355 | . 355 . 286 Initial 256 | . . . 256 Average 158 | . 158 . 277 Maximum Alert Level 1 | . 1 . 1 Low Security (%) 53 | 100 54 . . Level 1 46 | . 45 . 100 Level 2 . | . . . . Level 3 . | . . . . Level 4 . | . . . . Level 5 . | . . . . High Security . | . . . . Max Security . | . . . . Squads Dispatched 5 | . 5 . . Investigation 3 | . 3 . . Extermination . | . . . . Reinforcement 2 | . 2 . . Assault . | . . . . Garrison . | . . . . Intercept . | . . . . Searches Triggered . | . . . . Construction Impeded . | . . . . Haulers Reinforced . | . . . . Active Scanning Responses . | . . . . Cargo Convoy Interrupts . | . . . . Stealth | -11 -10 -10 -7 --------- Run | Yrd Mat Sub Rec Distress Signals 1 | . 1 . . Communications Jammed . | . . . . Distress Signals . | . . . . Times Spotted 57 | . 26 30 1 Peak Tracking Total 3 | . 3 2 . Tactical Retreats 3 | . . 3 . Traps | -11 -10 -10 -7 ------- Run | Yrd Mat Sub Rec Traps Triggered 2 | . . 2 . Indirectly . | . . . . Trap Hack Attempts . | . . . . Triggered . | . . . . Disarmed . | . . . . Reprogrammed . | . . . . Reused . | . . . . Traps Extracted . | . . . . Installed . | . . . . Triggered . | . . . . Machines | -11 -10 -10 -7 ---------- Run | Yrd Mat Sub Rec Machines Disabled 1 | . . 1 . Max in Single Turn 1 | . . 1 . Machines Repaired . | . . . . Machines Dismantled . | . . . . Machines Sabotaged . | . . . . Overloaded Fab Kills . | . . . . Hacking | -11 -10 -10 -7 --------- Run | Yrd Mat Sub Rec Machines Accessed 8 | . 7 . 1 Terminals 5 | . 5 . . Fabricators . | . . . . Repair Stations . | . . . . Recycling Units 3 | . 2 . 1 Scanalyzers . | . . . . Garrison Access . | . . . . Total Hacks 22 | . 21 . 1 Successful 12 | . 11 . 1 Failed 10 | . 10 . . Catastrophic 2 | . 2 . . Database Lockouts . | . . . . Manual 14 | . 13 . 1 Terminals 17 | . 17 . . Fabricators . | . . . . Repair Stations . | . . . . Recycling Units 5 | . 4 . 1 Scanalyzers . | . . . . Garrison Access . | . . . . Terminal Hacks 7 | . 7 . . Robot Analysis 2 | . 2 . . Prototype ID Bank 1 | . 1 . . Locate Traps 1 | . 1 . . Hauler Manifests 1 | . 1 . . Registered Prototypes 1 | . 1 . . Zone Layout 1 | . 1 . . Fabricator Hacks . | . . . . Repair Station Hacks . | . . . . Recycling Unit Hacks 2 | . 2 . . Retrieve Components 2 | . 2 . . Scanalyzer . | . . . . Garrison Access Hacks . | . . . . Unauthorized Hacks 3 | . 2 . 1 Terminals . | . . . . Fabricators . | . . . . Repair Stations . | . . . . Recycling Units 3 | . 2 . 1 Tunnel 3 | . 2 . 1 Scanalyzers . | . . . . Garrison Access . | . . . . Data Cores Recovered . | . . . . Used . | . . . . Hacking Detections 5 | . 5 . . Full Trace Events 1 | . 1 . . Feedback Events . | . . . . Feedback Blocked . | . . . . Robot Schematics Acquired . | . . . . Robots Built . | . . . . Authchips . | . . . . Time . | . . . . Total Robot Build Rating . | . . . . Part Schematics Acquired . | . . . . Parts Built . | . . . . Authchips . | . . . . Time . | . . . . Total Part Build Rating . | . . . . Parts Repaired . | . . . . Time . | . . . . Parts Recycled . | . . . . Recycled Matter . | . . . . Retrieved Matter . | . . . . Retrieved Components 14 | . 14 . . Parts Scanalyzed . | . . . . Part Schematics Acquired . | . . . . Parts Damaged . | . . . . Bothacking | -11 -10 -10 -7 ------------ Run | Yrd Mat Sub Rec Used RIF Installer . | . . . . Robots Hacked . | . . . . Non-combat . | . . . . Combat . | . . . . Robot Hacks Applied . | . . . . Relay Couplers Released . | . . . . Fabnet Peak Effective % . | . . . . Robots Rewired . | . . . . Allies Hacked . | . . . . Hacks Repelled . | . . . . Allies | -11 -10 -10 -7 -------- Run | Yrd Mat Sub Rec Total Allies . | . . . . Largest Group . | . . . . Highest-Rated Group . | . . . . Highest-Rated Ally . | . . . . Total Orders . | . . . . Ally Attacks . | . . . . Total Damage . | . . . . Kills . | . . . . Allies Corrupted . | . . . . Allies Melted . | . . . . Intel | -11 -10 -10 -7 ------- Run | Yrd Mat Sub Rec Robot Analysis Total 2 | . 2 . . Derelict Logs Recovered 2 | . . 2 . Drone Launches . | . . . . Drone Recoveries . | . . . . Exploration | -11 -10 -10 -7 ------------- Run | Yrd Mat Sub Rec Turns Passed 1960 | 3 1074 876 7 Spaces Moved 1039 | 1 489 545 4 Core . | . . . . Treads 547 | 1 489 57 . Legs . | . . . . Wheels 492 | . . 488 4 Hover . | . . . . Flight . | . . . . Fastest Speed 115 | 160 160 125 115 Average Speed 145 | 160 160 133 122 Slowest Speed 240 | 160 160 240 130 Overloaded Moves . | . . . . Propulsion Burnouts . | . . . . Robots Hopped . | . . . . Cave-ins Triggered . | . . . . Exploration Rate (%) 28 | 2 68 40 2 Regions Visited 3 Branch Regions 2 Pre-discovered Areas 3 | . 2 . 1 Known Exits Taken . | . . . . Unknown Exits Taken 3 | 1 1 1 . Scrap Searched 5 | . . 5 . Spaces Dug 8 | . . 8 . Terrain Destroyed 19 | . . 19 . Melee . | . . . . Projectile 4 | . . 4 . AOE 15 | . . 15 . Terrain Rammed . | . . . . Walls Destroyed . | . . . . Machines Disabled . | . . . . Actions | -11 -10 -10 -7 --------- Run | Yrd Mat Sub Rec Total 1316 | 2 685 622 7 Wait 107 | . 103 4 . Move 1036 | . 488 544 4 Hop . | . . . . Pick Up 24 | . 16 8 . Fast Attach 6 | . 5 . 1 Attach 10 | . 1 9 . Detach 3 | . 3 . . Swap 8 | 2 2 4 . Drop 16 | . 12 2 2 Fire 105 | . 54 51 . Melee . | . . . . Ram . | . . . . Kick . | . . . . Crush 1 | . 1 . . Escape Stasis . | . . . . Rewire . | . . . . Trap . | . . . . Miscellaneous . | . . . . Route ------- -11/Scrapyard -10/Materials (discovered 2 exits: [*Min] / [*Sub]) -10/Subcaves (discovered 2 exits: [*Mat] / *Rec) -7/Recycling History --------- Turn | Location | Event 4 | -11/Scrapyard | Discovered new exit (range 0) 4 | -11/Scrapyard | Entered Materials 244 | -10/Materials | Discovered new exit (range 14) 313 | -10/Materials | Build established: Mutant 1075 | -10/Materials | Discovered new exit (range 2) 1078 | -10/Materials | Entered Subcaves 1175 | -10/Subcaves | Lost 4 parts (1p1n2w) 1258 | -10/Subcaves | Core integrity fell below 50% 1301 | -10/Subcaves | Discovered new exit (range 11) 1441 | -10/Subcaves | A swath of the cavern ceiling suddenly collapsed 1494 | -10/Subcaves | Learned Materials terminal intel 1519 | -10/Subcaves | Core integrity fell below 20% 1834 | -10/Subcaves | Learned location of 1 exit from Materials 1870 | -10/Subcaves | Discovered new exit (range 13) 1953 | -10/Subcaves | System corruption reached 10% 1954 | -10/Subcaves | Entered Recycling 1958 | -7/Recycling | Found Scrap Engine 1961 | -7/Recycling | Destroyed by Y-54 Guardian with Flak Gun Last Messages --------------- 01905_ Acquired 18 matter. 01906_ System corrupted: Component data lost. 01941_ Acquired 2 matter. 01948_ Acquired 19 matter. 01950_ Integrated Corrupted Sub. Beam Cannon (+4). 01952_ Integrated Corrupted Sub. Machine Gun (+4). A mysterious object appears at your location! LOCATION=UNKNOWN GOAL=ESCAPE 01956_ Connecting with Recycling Unit... 01956_ Current location identified: Recycling >>Force(Tunnel) DISCOVERED[-3/Testing] 01957_ Dropped Lrg. Storage Unit. 01958_ Dropped Imp. Heat Sink. 01958_ Acquired Scrap Engine. 01961_ Scrap Engine consumes Imp. Light Cannon. 01961_ Y-54 Guardian springs to life. Map ----- +----------------------------------------------------+ | ??????????????????????????????? | | ??????????????????????????????? | | ??????????????????????????????? | | ??????????????????????????????? | | ??????????????????????????????? | | ??????????????????????????????? | | ??????????????????????????????? | | ??????????????????????????????? | | ??????????????????????????????? | | ??????????????????????????????? | | ???# ?????????????????????????? | | ???# ?????????????????????????? | | ???# ?????????????????????????? | | ???# ?????????????????????????? | | ???# ?????????????????????????? | | ???# ?##??????????????????????? | | ??## #Y##?????????????????????? | | ???" ??????????????????????? | | ???T ??????????????????????? | | ???# ??????????????????????? | | ???# #??????????????????????? | | ???# ###????????????????????? | | ???# ""#????????????????????? | | ???#/! Y"#????????????????????? | | ???#][ ""#????????????????????? | | ???#! @###????????????????????? | | ???#!]]#??????????????????????? | | ???#####??????????????????????? | | ??????????????????????????????? | | ??????????????????????????????? | | ??????????????????????????????? | | ??????????????????????????????? | | | | | | | | | | | | | | | | | | | | | | | | | | | | | | | | | | | | | +----------------------------------------------------+ Best States ------------- Heat Dissipation 39 Energy Generation 12 Energy Capacity 265 Matter Stores 300 Matter Capacity 300 Sight Range 16 Terrain Scan Density 10 Armor Coverage 150 Evasion (%) 40 Recoil Reduction 2 Item Schematics ----------------- None Robot Schematics ------------------ None Fabricated ------------ Nothing Alien Tech Used ----------------- None Achievements -------------- None Challenges ------------ None Game ------ Seed BarrageElectronGun Manual? 0 Play Time 00:17:58 Cumulative 130.4 hours Start 2024.04.12 @ 13:55:11 End 2024.04.12 @ 18:25:50 Sessions 2 Manual Loads 0 Difficulty Rogue Special Mode None Game No. 62 Rogue 60 Adventurer 2 Explorer 0 Win Type - Total 3 Types 3/0/0/0/0/0/0/0/0 Lore% 55 Gallery% 68 Achievement% 54 Wizard Run 0 Options --------- Layout 2 ASCII 0 Keyboard 0 Movement Numpad Keybinds 0 Fullscreen 2 Font 32/SmallcapsGlow Map View 50x44 Zoom Use 0% Tactical HUD 1 Map Filters NONE Filters NONE Steam 1 RUN: 869d5be3-b4bc-4936-9c2b-ba948730ecf3